[Event "European Women-ch 2023"]
[Site "Petrovac"]
[Date "2023.03.19"]
[Round "2.6"]
[White "Brunello, Marina"]
[Black "Ibrahimova, Sabina"]
[Result "1-0"]
[ECO "B36"]
[WhiteElo "2346"]
[BlackElo "2207"]
[Annotator "TA"]
[PlyCount "113"]
[EventDate "2023.03.15"]
[EventType "swiss"]
[EventCountry "MNE"]
[SourceTitle "playchess.com"]
[Source "ChessBase"]
[SourceQuality "1"]
[TimeControl "40/5400+30:1800+30"]

1. e4 c5 2. Nf3 Nc6 3. d4 cxd4 4. Nxd4 g6 5. c4 Nf6 6. Nc3 d6 7. Be2 Nxd4 8. Qxd4 Bg7 9. Be3 O-O 10. Qd2 a5 {[%emt 0:00:24] is now debated instead of 10...Be6. B36: Sicilian: Maroczy Bind: Gurgenidze System.} 11. f3 a4 {[%emt 0:01:33] [#]} 12. Nb5 $146 {[%emt 0:12:01] [#]} (12. Kf2 $14) ({Predecessor:} 12. Kf2 Be6 13. Rac1 Nd7 14. Rhd1 Re8 15. Nd5 Nc5 16. Rb1 f5 17. exf5 Bxf5 18. Rbc1 {0-1 Izoria,Z (2602)-Xiong,J (2700) Speed Chess GP2 blitz 2021 (9)}) 12... a3 $1 $11 {[%emt 0:05:03] The position is equal.} 13. Bd4 (13. bxa3 $2 {is the wrong capture.} Nxe4 14. Qc1 Bxa1 15. Qxa1 Nf6 $19) 13... axb2 14. Qxb2 Nh5 15. O-O Bxd4+ 16. Qxd4 Nf4 17. Bd1 Ra6 18. Kh1 Bd7 19. Bb3 Ne6 20. Qd2 Qa5 21. Nc3 Nc5 22. Rad1 Rc8 23. Qd4 Ne6 24. Qe3 Qc5 25. Qd2 Qb4 26. f4 {[%emt 0:09:22][%cal Bf3f4,Bf4f5][%mdl 32] aiming for f5.} Nc5 27. f5 Nxb3 (27... Bc6 $11) 28. axb3 $16 {[%emt 0:00:13] Strongly threatening Rc1.} Ra5 (28... Qxb3 $2 29. Nd5 Qxc4 30. Qh6 $18) ({Black should try} 28... Ra3 $14) 29. Nd5 (29. Rf3 $16 Rca8 30. Qh6) 29... Qxd2 $11 30. Rxd2 Kf8 31. f6 exf6 32. Nxf6 Bc6 33. Rxd6 {[%emt 0:01:15] White has more active pieces.} Ke7 34. Rd3 Re5 35. Nd5+ ({Don't play} 35. Nxh7 Bxe4 36. Rd2 b5 $11) 35... Bxd5 36. exd5 $14 {[%emt 0:00:08][%mdl 4096] Endgame KRR-KRR} Rd8 ({Black should play} 36... f5) 37. Kg1 f5 38. Kf2 Ra8 39. Rd2 Ra3 40. Rb1 Kd6 (40... Re4 $16) 41. b4 $18 Rc3 42. c5+ Kd7 43. Re1 Rxe1 44. Kxe1 {[%emt 0:00:04] KR-KR} Rc4 (44... Rb3 $16 {might work better.}) 45. Rb2 {[%emt 0:00:11] Ke2 would be deadly.} Re4+ 46. Kf2 Rd4 {[%emt 0:00:22] [#]} (46... Kc8 $142 47. d6 h6) 47. d6 $1 {[%emt 0:00:11] And now Ke3 would win.} Kc6 $2 (47... b6 48. Rc2 (48. cxb6 Rxd6 49. b5 Rxb6 $11) 48... bxc5) 48. Ke1 Kd7 49. Ke2 f4 50. Kf3 h5 (50... Kd8 {keeps fighting.} 51. Kg4 h6) 51. h4 Kc6 52. Rb1 b6 {[%emt 0:00:59] [#]} (52... Kd7 $142 53. Re1 Rxb4 54. Re7+ Kd8) 53. Rc1 $1 {[%emt 0:01:25][%cal Ob4b5] Threatens to win with b5+!} Rxb4 54. Rd1 {[%emt 0:00:11] White wants to mate with d7.} Kd7 {[%emt 0:00:51] [#]} 55. c6+ $1 Kd8 (55... Kxc6 56. d7) 56. c7+ Kd7 57. Rc1 {[%emt 0:00:04] Weighted Error Value: White=0.13 (very precise) /Black=0.39} 1-0

[Event "European Women-ch 2023"]
[Site "Petrovac"]
[Date "2023.03.19"]
[Round "2.6"]
[White "Calzetta Ruiz, Monica"]
[Black "Mashchenko, Tamila"]
[Result "1-0"]
[ECO "B33"]
[WhiteElo "2185"]
[BlackElo "1956"]
[Annotator "TA"]
[PlyCount "79"]
[EventDate "2023.03.15"]
[EventType "swiss"]
[EventCountry "MNE"]
[SourceTitle "playchess.com"]
[Source "ChessBase"]
[SourceQuality "1"]
[TimeControl "40/5400+30:1800+30"]

1. e4 c5 2. Nf3 Nc6 3. d4 cxd4 4. Nxd4 Nf6 5. Nc3 e5 6. Ndb5 d6 7. Nd5 Nxd5 8. exd5 Nb8 9. c4 Be7 10. Be2 Nd7 11. O-O O-O 12. a4 {[%emt 0:04:33][%cal Ba2a4,Ba4a5][%mdl 32] B33: Sicilian: Pelikan and Sveshnikov Variations.} f5 13. a5 a6 14. Nc3 {[%emt 0:01:12] The position is equal.} Bg5 15. b4 {[%emt 0:09:18] [#]} Bxc1 $146 (15... e4 $11) ({Predecessor:} 15... e4 16. Re1 Ne5 17. Bf1 Bd7 18. c5 Bxc1 19. Rxc1 Qg5 20. Re3 Ng4 21. Rg3 Qh4 22. Rxg4 fxg4 23. Nxe4 {0-1 Kobas,A (2321)-Miljkovic,M (2427) BIH-chT1 Neum 2008 (6.5)}) 16. Qxc1 (16. Rxc1 $5 e4 17. c5 $14) 16... Qh4 17. f4 e4 (17... Re8 $142) 18. Ra3 Qf6 19. Qe3 {[%emt 0:03:36] Dodges Qd4. White is more active.} Rd8 (19... Qd8 $16 {might work better.}) 20. Na4 Nf8 (20... h6 {was worth a try.} 21. Rd1 Qf7) 21. Nb6 $18 Rb8 {[%emt 0:00:07] [#]} 22. Rc3 (22. c5 $1 $18 {[%cal Rc5c6] is the precise move to win.}) 22... Bd7 (22... Nd7 $16) 23. Rfc1 {[%emt 0:02:56] Black must now prevent c5.} Ng6 {[%emt 0:00:34] [#]} 24. c5 $1 dxc5 25. bxc5 ({Less strong is} 25. Rxc5 Be8 $16) 25... Ne7 (25... Bb5 $2 26. Bxb5 axb5 27. c6 $18) 26. Bc4 {[%emt 0:03:43] Hoping for c6.} Kh8 27. Rb3 Bb5 (27... Be8 {was necessary.} 28. Rd1 Bf7) 28. Bxb5 axb5 29. d6 Nc6 30. Rxb5 Qd4 31. Kf2 g5 32. g3 gxf4 33. gxf4 Qf6 34. Nd5 Qh4+ 35. Qg3 Qxg3+ (35... e3+ 36. Kxe3 Qh6) 36. hxg3 {[%emt 0:00:10] White is clearly winning.} Nd4 37. Rb6 Kg8 38. Rcb1 Ne6 39. c6 Rxd6 40. c7 {[%emt 0:00:00] Black got outplayed after the opening.   Weighted Error Value: White=0.20 (precise) /Black=0.69} 1-0

[Event "European Women-ch 2023"]
[Site "Petrovac"]
[Date "2023.03.19"]
[Round "2.7"]
[White "Krasteva, Beloslava"]
[Black "Fataliyeva, Ulviyya"]
[Result "1/2-1/2"]
[ECO "E01"]
[WhiteElo "2292"]
[BlackElo "2427"]
[Annotator "TA"]
[PlyCount "118"]
[EventDate "2023.03.15"]
[EventType "swiss"]
[EventCountry "MNE"]
[SourceTitle "playchess.com"]
[Source "ChessBase"]
[SourceQuality "1"]
[TimeControl "40/5400+30:1800+30"]

1. c4 e6 2. Nf3 d5 3. g3 c6 4. Bg2 Bd6 5. O-O Nf6 6. d4 O-O {[%emt 0:03:30] 6...0-0 is better than 6...Nbd7.} 7. Nc3 Ne4 8. Nxe4 dxe4 {[%emt 0:00:37] E01: Catalan: Early deviations.} 9. Ne1 f5 10. f3 {[%emt 0:00:03] [#]} e5 $146 {[%emt 0:16:44] White is slightly better.} ({Predecessor:} 10... exf3 11. Nxf3 Nd7 12. Bf4 Qc7 13. e3 e5 14. Nxe5 Nxe5 15. c5 Nf7 16. cxd6 Nxd6 17. Qb3+ Kh8 18. e4 Qe7 19. Qa3 {1-0 Glavina,P (2445)-Solano Lasierra,J (2188) Aragon-chT Honor Titulo 2013 (8.14)}) 11. c5 Be7 12. fxe4 Qxd4+ 13. Qxd4 exd4 14. Nd3 fxe4 15. Rxf8+ Bxf8 16. Bxe4 Nd7 17. b4 a5 18. Bd2 Nf6 19. Bf3 axb4 20. Bxb4 Bf5 21. a3 Nd7 22. Rc1 Bxd3 (22... Re8 $15) 23. exd3 $11 Re8 24. Bg4 Nf6 (24... Ne5 $5 25. Re1 Re7 $11) 25. Bh3 g6 26. Rc4 Bh6 27. Kf1 Be3 28. Be1 Nd5 29. Bg2 Nc7 30. Ke2 Na6 31. Kd1 Re5 32. Bb4 Bg1 33. Be4 Nc7 34. Rc2 Ne6 35. a4 Ng5 36. Bg2 Re3 $2 {[%emt 0:00:52] [#]} (36... Ne6 $11 {and Black has nothing to worry.}) 37. Bf1 $2 (37. Bd2 $1 $18 {[%cal Og2c6] Bxc6! is the strong threat.} Rxd3 38. Bf1 (38. Ke2 $2 Rb3 $17)) 37... Rf3 38. Ke1 Rf5 39. h4 Nf3+ 40. Kd1 Ne5 41. Be2 Rf2 42. Be1 Rf7 43. Rb2 h5 (43... Kg7 $11 {remains equal.}) 44. a5 ({White should play} 44. Bd2 $16) 44... Be3 {[%emt 0:01:51] The position is equal.} 45. Bd2 Bxd2 46. Kxd2 {[%emt 0:00:01][%mdl 4096] Endgame KRB-KRN} Kf8 47. Rb4 Rd7 48. Bf1 Ke8 49. Bh3 Rf7 50. Ke2 Rf2+ {[%emt 0:00:36][%mdl 64] [#] Decoy} 51. Kxf2 {[%emt 0:06:40] Intending Ke2 and mate.} Nxd3+ 52. Ke2 Nxb4 {[%emt 0:00:02] KB-KN} 53. Bc8 Kd8 54. Bxb7 Kc7 55. a6 Kb8 56. Kd2 Kc7 57. Ke2 Kb8 58. Kd2 Ka7 59. Ke2 Kb8 {[%emt 0:00:04] Weighted Error Value: White=0.12 (very precise) /Black=0.17 (very precise)} 1/2-1/2

[Event "European Women-ch 2023"]
[Site "Petrovac"]
[Date "2023.03.19"]
[Round "2.7"]
[White "Sandu, Mihaela"]
[Black "Savina, Anastasia"]
[Result "1/2-1/2"]
[ECO "C95"]
[WhiteElo "2211"]
[BlackElo "2345"]
[Annotator "TA"]
[PlyCount "98"]
[EventDate "2023.03.15"]
[EventType "swiss"]
[EventCountry "MNE"]
[SourceTitle "playchess.com"]
[Source "ChessBase"]
[SourceQuality "1"]
[TimeControl "40/5400+30:1800+30"]

1. e4 e5 2. Nf3 Nc6 3. Bb5 a6 4. Ba4 Nf6 5. O-O Be7 6. Re1 b5 7. Bb3 d6 8. c3 O-O 9. h3 Nb8 10. d4 Nbd7 11. Nbd2 Bb7 12. Bc2 Re8 13. Nf1 Bf8 14. Ng3 g6 15. a4 Bg7 $1 {[%emt 0:05:29][%mdl 4] now scores much better than the old 15...c5.} 16. b3 {[%emt 0:11:19] C95: Closed Ruy Lopez: Breyer Variation with 10 d4.} (16. Bg5 {keeps more tension.} c5 17. Qd2 cxd4 18. cxd4 d5 19. exd5 exd4 20. Nxd4 Ne5 21. Bb3) 16... d5 17. exd5 {[%emt 0:13:34] [#]} (17. dxe5 $11 Nxe4 18. Nxe4 dxe4 19. Bg5) 17... exd4 $146 ({Predecessor:} 17... Nxd5 18. Bb2 exd4 19. cxd4 N7f6 20. axb5 axb5 21. Bd3 Rxe1+ 22. Qxe1 Nf4 23. Bxb5 Nxh3+ 24. gxh3 Bxf3 {0-1 Dwyer,D (1855)-Trifan,A (2290) Wch U14 Porto Carras 2018 (1)}) 18. axb5 {[%emt 0:11:09] Black is slightly better.} Nxd5 (18... Rxe1+ $17 19. Nxe1 dxc3 20. bxa6 Bxa6) 19. Rxe8+ (19. Bg5 $11 Qb8 20. bxa6 (20. cxd4 axb5 21. Rxa8 Qxa8 $15) 20... Bxa6 21. cxd4) 19... Qxe8 $17 20. cxd4 axb5 (20... Nc3 {seems wilder.} 21. Qd3 Nxb5 22. Ne4 Nf6) 21. Rxa8 Qxa8 22. Bd2 {[%emt 0:00:24] Prevents Nc3} c5 (22... N5f6 $17) 23. dxc5 $11 Nxc5 24. Qe2 b4 25. Qc4 Ne6 26. Ng5 (26. Be4 $11 {keeps the balance.}) 26... Nxg5 $17 27. Bxg5 Qa1+ 28. Kh2 Qe5 29. Qb5 Qxg5 30. Qxb7 h5 {[%emt 0:00:24][%cal Og7e5,Bh7h5,Bh5h4][%mdl 32] [#] Threatens to win with ...Be5!} 31. Be4 (31. Ne4 $11 Qe5+ 32. g3) 31... Nc3 $15 {[%emt 0:00:28] Strongly threatening ...Be5.} 32. Bf3 (32. Qa8+ $142 Kh7 33. Bd3) 32... Be5 (32... Bd4 $17 {White must now prevent ...Qe5.} 33. Nh1 h4 34. Qc8+ Kg7) 33. Kg1 $1 h4 34. Nf1 {[%emt 0:00:05] The position is equal.} Qf4 35. Qc8+ Kg7 36. Qg4 Nb5 37. Qxf4 Bxf4 $11 {[%emt 0:00:02][%mdl 4096] Endgame KBN-KBN} 38. Bd5 Nc3 39. Bf3 Kf6 40. g3 hxg3 41. fxg3 Bc1 42. Kg2 Ke5 43. Bc6 Ne4 44. Be8 Nd6 45. Bc6 Kd4 46. h4 Kc3 47. Bd5 Kd4 48. Bc6 Kc3 49. Bd5 Kd4 {[%emt 0:00:05] Weighted Error Value: White=0.19 (very precise) /Black=0.19 (very precise)} 1/2-1/2

[Event "European Women-ch 2023"]
[Site "Petrovac"]
[Date "2023.03.19"]
[Round "2.7"]
[White "Bluebaum, Johanna"]
[Black "Jarocka, Liwia"]
[Result "1/2-1/2"]
[ECO "E51"]
[WhiteElo "1954"]
[BlackElo "2181"]
[Annotator "TA"]
[PlyCount "105"]
[EventDate "2023.03.15"]
[EventType "swiss"]
[EventCountry "MNE"]
[SourceTitle "playchess.com"]
[Source "ChessBase"]
[SourceQuality "1"]
[TimeControl "40/5400+30:1800+30"]

1. d4 Nf6 2. c4 e6 3. Nc3 Bb4 4. e3 O-O 5. Bd2 d5 6. Nf3 b6 7. cxd5 exd5 8. Rc1 {[%emt 0:01:41] E51: Nimzo-Indian: Rubinstein: 4...0-0 5 Nf3 d5.} Re8 9. Ne5 a6 10. Bd3 {[%emt 0:02:13] The position is equal.} c5 11. O-O Bb7 12. a3 {[%emt 0:13:47] [#]} Ba5 $146 (12... Bxc3 $14 13. Bxc3 c4) ({Predecessor:} 12... Bxc3 13. Bxc3 c4 14. Bb1 Nc6 15. f4 b5 16. Be1 Ne4 17. Qh5 Qc7 18. Bxe4 dxe4 {1-0 Harika,D (2492)-Kosteniuk,A (2517) Shaoxing (Women) op 2019 (8)}) 13. Be1 {[%emt 0:05:56] White is much more active. The black rooks are badly placed.} (13. b4 $1 $16 cxb4 14. Na4 bxa3 15. Bxa5 bxa5 16. Qb3) 13... b5 14. f4 Bb6 15. Bb1 (15. Ne2 $5 c4 16. Bf5 $11) 15... cxd4 16. exd4 Qd6 17. Bh4 Nbd7 18. Kh1 Ne4 (18... Rac8 $11) 19. Qh5 (19. Nxe4 $142 dxe4 20. Re1) 19... g6 {[%emt 0:08:29] [#]} (19... Rf8 $16 {is a better defense.}) 20. Qd1 ({White must play} 20. Nxe4 $1 $18 dxe4 21. Qh6) 20... Bd8 21. Bxd8 (21. Nxe4 $16 dxe4 22. Ba2) 21... Raxd8 $11 22. Ba2 {[%emt 0:01:33] aiming for Nxe4.} Nxc3 23. Rxc3 Nf6 (23... f6 $11) 24. f5 $16 {[%emt 0:03:27] Strongly threatening fxg6.} Ne4 ({Black should try} 24... Rxe5 25. dxe5 Qxe5) 25. fxg6 $1 fxg6 (25... hxg6 $16 26. Nxf7 Nxc3 27. bxc3 Qc7) 26. Re3 $18 Rxe5 27. dxe5 Qxe5 28. Qf3 {[%emt 0:01:36] Dodges Nf2+} Kh8 29. Bb1 Qxb2 30. Qf7 {[%emt 0:09:19] Qe7 is the strong threat.} Qg7 31. Bxe4 dxe4 32. h3 Qxf7 33. Rxf7 $16 {[%emt 0:00:05][%mdl 4096] Endgame KRR-KRB} Bd5 34. Ra7 Re8 35. Rxa6 Bc4 36. Ra7 Bd3 37. Kh2 Kg8 38. Kg3 Re5 39. h4 {[%emt 0:01:51] Against Rg5+} Rc5 {[%emt 0:00:32] [#]} 40. Re1 $1 Rc3 (40... g5 $142 41. hxg5 Rxg5+ 42. Kf2 Rc5) 41. Kf4 $18 Rc5 42. g4 h6 43. Ke3 Rc2 (43... g5 $142 44. hxg5 Rxg5) 44. g5 hxg5 45. hxg5 Rc5 46. Rg1 Rc8 47. Kd4 $2 (47. Ra6 $18) 47... Rd8+ (47... Rc4+ $11 48. Ke3 Rc3) 48. Ke3 (48. Kc3 $14) 48... Rc8 $1 49. Rh1 {[%emt 0:00:26] White is clearly better.} Rc5 50. Rhh7 Rxg5 51. Rag7+ Kf8 52. Rf7+ {[%emt 0:00:06][%mdl 1024] White has strong compensation.} Kg8 53. Rfg7+ $2 {[%emt 0:00:14] Weighted Error Value: White=0.26 (precise) /Black=0.33} ({White should play} 53. Rhg7+ $18 Kh8 54. Rh7+ Kg8 55. Rfg7+ Kf8 56. Rb7) 1/2-1/2

[Event "European Women-ch 2023"]
[Site "Petrovac"]
[Date "2023.03.19"]
[Round "2.8"]
[White "Wagner, Dinara"]
[Black "Schulze, Lara"]
[Result "1-0"]
[ECO "D50"]
[WhiteElo "2411"]
[BlackElo "2277"]
[Annotator "TA"]
[PlyCount "67"]
[EventDate "2023.03.15"]
[EventType "swiss"]
[EventCountry "MNE"]
[SourceTitle "playchess.com"]
[Source "ChessBase"]
[SourceQuality "1"]
[TimeControl "40/5400+30:1800+30"]

1. d4 d5 2. c4 e6 3. Nc3 Nf6 4. Bg5 c5 5. cxd5 cxd4 6. Qa4+ Qd7 7. Qxd4 {[%emt 0:02:08][%cal Oe2e4] [#] e4! is the strong threat.} Nxd5 {[%emt 0:17:03] D50: Queen's Gambit Declined: Dutch-Peruvian Gambit.} (7... exd5 $2 8. Bxf6 gxf6 9. Rd1 $16 (9. Qxd5 Bb4 $14) (9. Qxf6 Rg8 $16) (9. Nxd5 Bb4+ 10. Qxb4 Qxd5 $16)) (7... Nc6 $5 8. Qa4 Nxd5 $11) 8. Nxd5 Qxd5 9. Qxd5 exd5 {[%emt 0:00:02] The position is equal.} 10. Nf3 {[%emt 0:01:14] [#]} Nc6 $146 ({Predecessor:} 10... Bb4+ 11. Bd2 Bxd2+ 12. Kxd2 Nc6 13. e3 a6 14. Be2 Be6 15. Rhd1 Rc8 16. Rac1 Ke7 {1-0 Stern,R (2527)-Grassi,F (1898) Berlin Werner Ott op 2014 (1)}) 11. g3 Bg4 12. Bg2 Bb4+ 13. Bd2 O-O 14. Bxb4 Nxb4 15. Kd2 {[%emt 0:00:16] Against Nc2} Rac8 {[%emt 0:02:46] [#] Threatens to win with ...Rc2+.} 16. Rhc1 {[%emt 0:04:36] Wards off Rc2+} Rxc1 (16... Nc6 $11) 17. Rxc1 $16 {[%emt 0:00:41] Black is on the road to losing.} Nxa2 (17... Nc6 $142) 18. Ra1 Nb4 19. Rxa7 Rb8 20. Ra4 Bxf3 21. Bxf3 $18 {[%emt 0:00:09][%mdl 4096] Endgame KRB-KRN} ({Don't take} 21. exf3 $6 Nc6 $14) 21... Nc6 22. Bxd5 {[%emt 0:01:16] White is more active.} Rd8 23. e4 Ne7 (23... Rd7 $142 24. Ra8+ Nd8) 24. Ke3 Nxd5+ 25. exd5 {[%emt 0:00:02] KR-KR} Kf8 26. Kd4 {[%emt 0:01:14] aiming for Rb4.} Ke7 27. Rb4 Rd7 (27... Rb8 28. Rb3 Kd7) 28. Rb6 f6 29. f4 {[%emt 0:02:44][%cal Bf2f4,Bf4f5][%mdl 32] White is clearly winning.} Kf7 30. f5 Rc7 (30... Ke7 $142 31. g4 Rd8 32. Rxb7+ Kd6) 31. d6 Rd7 32. Kd5 h5 33. Rb4 {[%emt 0:02:32] Rb3 would be deadly.} Ke8 34. Ke6 {[%emt 0:00:20] Weighted Error Value: White=0.03 (flawless) /Black=0.34} 1-0

[Event "European Women-ch 2023"]
[Site "Petrovac"]
[Date "2023.03.19"]
[Round "2.8"]
[White "Zaksaite, Salomeja"]
[Black "Heinemann, Josefine"]
[Result "1/2-1/2"]
[ECO "D00"]
[WhiteElo "2187"]
[BlackElo "2343"]
[Annotator "TA"]
[PlyCount "207"]
[EventDate "2023.03.15"]
[EventType "swiss"]
[EventCountry "MNE"]
[SourceTitle "playchess.com"]
[Source "ChessBase"]
[SourceQuality "1"]
[TimeControl "40/5400+30:1800+30"]

1. d4 Nf6 2. Nc3 d5 3. Bf4 c5 4. e4 Nxe4 5. Nxe4 dxe4 6. dxc5 {[%emt 0:00:03] D00: 1 d4 d5: Unusual lines.} Qxd1+ 7. Rxd1 {[%emt 0:00:06] Strongly threatening Bxb8.} Nc6 {[%emt 0:00:10] Black is weak on the dark squares} 8. Bb5 f6 9. Ne2 e5 10. Be3 Be6 {[%emt 0:00:28][%cal Oe8f7] [#]} 11. O-O $146 ({Predecessor:} 11. Nc3 f5 12. O-O Rd8 13. b4 Be7 14. a3 Kf7 15. Ba4 a5 16. Rb1 axb4 17. axb4 {0-1 Bortnyk,O (2605)-Praggnanandhaa,R (2690) Airthings Masters Div 3 L rapid 2023 (7.4)}) 11... Rc8 12. Nc3 f5 13. b4 Kf7 14. a3 h6 15. Nd5 f4 (15... g6 $5 ) 16. Bc1 Nd4 {[%emt 0:00:22] [#]} 17. Rxd4 {[%emt 0:00:10][%mdl 64] Deflection} exd4 18. Nxf4 b6 19. Ba6 {[%emt 0:10:07] aiming for Nxe6.} Be7 20. Bxc8 Rxc8 21. Re1 Bf5 22. g4 Bh7 23. Nd5 $1 Bf8 (23... bxc5 $11 24. Nxe7 Kxe7) 24. c4 $2 (24. cxb6 $14 {is the one way to stay ahead.} axb6 25. c3 (25. Bb2 $2 Rxc2 26. Bxd4 Rd2 $19)) 24... bxc5 $17 25. b5 g5 26. a4 Bd6 27. Bd2 Ke6 28. a5 Bg6 (28... Rf8 $15 29. a6 Bb8) 29. a6 $11 Be5 (29... Bb8 $11 {remains equal.}) 30. b6 $1 $16 {[%emt 0:02:57] f4 would be deadly.} axb6 (30... Rf8 $16 {might work better.}) 31. a7 $2 (31. Rb1 $18) 31... Ra8 $11 32. Ra1 e3 $1 33. fxe3 dxe3 (33... Be4 $5 34. Nxb6 (34. Ra6 Bxd5 35. Rxb6+ Kd7 $15) 34... dxe3 35. Nxa8 exd2 $11) 34. Bxe3 Be4 $1 $132 {[%emt 0:05:44][%mdl 2048] Black has counterplay} 35. Ra6 Bxd5 {[%emt 0:00:28] This pair of bishops is nice.} 36. Rxb6+ Kd7 37. cxd5 Rxa7 38. Rxh6 {[%emt 0:01:27][%mdl 4096] Endgame Rh7+ is the strong threat. KRB-KRB} Ra1+ 39. Kg2 Ra2+ $2 (39... Rd1 $16 {is a better defense.}) 40. Kf3 $18 Bxh2 (40... c4 {was necessary.} 41. h3 (41. Bxg5 Bxh2 42. Rh7+ Kc8 $18) 41... Bd6 42. Rh7+ Kc8) 41. Bxc5 (41. Bxg5 Be5 42. Ke4 Re2+ 43. Kf5 Bg3 $18) 41... Bf4 {[%emt 0:06:07] [#]} 42. Rh7+ $1 Ke8 43. Bd4 $2 (43. Re7+ $18 Kd8 44. Rg7) 43... Rd2 $2 (43... Ra4 $16 44. Bf6 Bd6) 44. Ke4 Re2+ $2 (44... Bd6 45. Bf6 Bf4 46. Re7+ Kf8) 45. Kf5 Rd2 {[%emt 0:00:48] [#]} 46. Ke6 $1 Re2+ {[%emt 0:00:07] [#]} 47. Kf6 $1 Bd6 48. Rh8+ $2 (48. Kxg5 $18 Rd2 49. Bf6 (49. Rh8+ Kd7 $16) 49... Rxd5+ 50. Kg6) 48... Kd7 $16 49. Kxg5 Rd2 50. Rh7+ Kc8 51. Bf6 {[%emt 0:00:31] Black must now prevent Kf5.} Rxd5+ 52. Kg6 {[%emt 0:00:04] White is more active.} Bf4 53. g5 (53. Rh8+ $16 Kb7 54. Rd8) 53... Bxg5 $11 {[%emt 0:01:51] The position is equal.} 54. Bxg5 {[%emt 0:00:03] KRB-KR} Rd7 55. Be7 Kc7 56. Kf5 Kc6 57. Ke6 Rd2 58. Bf6 Rd6+ 59. Ke5 Rd5+ 60. Ke4 Rd1 61. Bd4 Re1+ 62. Be3 Rd1 63. Rh6+ Rd6 64. Rh1 Re6+ 65. Kd4 Rd6+ 66. Kc4 Rg6 67. Bd4 Kd6 68. Bc5+ Ke6 69. Re1+ Kf7 70. Re7+ Kf6 71. Rb7 Ke5 72. Bd4+ Ke6 73. Ra7 Rg5 74. Ra6+ Kf5 75. Rf6+ Kg4 76. Kd3 Rf5 77. Rg6+ Kf3 78. Rg1 Kf4 79. Re1 Kg5 80. Ke4 {[%emt 0:00:31] White threatens Rg1+ and mate.} Rf4+ 81. Kd5 Kf5 82. Re8 Kg4 83. Be5 Rf5 84. Ke4 Rg5 85. Ra8 Rg6 86. Ra1 Rg5 87. Bf4 Rg6 88. Rb1 Re6+ 89. Be5 {[%emt 0:00:03] Intending Rg1+ and mate.} Rg6 90. Rf1 Rg5 91. Rf4+ Kh5 92. Rf7 Kg4 93. Rf4+ Kh5 94. Rf1 Kg4 95. Bf6 {[%emt 0:00:11] White wants to mate with Rg1+.} Rg6 96. Ke5 Kh5 97. Be7 Kg4 98. Rf4+ Kg3 99. Bh4+ Kh3 100. Kf5 Rg8 101. Rf1 Kg2 {[%emt 0:00:27] Inhibits Rh1.} 102. Rf2+ Kh3 103. Ra2 Kxh4 104. Rh2+ $2 {[%emt 0:00:46][%mdl 40960] What a bad dream for White.   Weighted Error Value: White=0.31/Black=0.39. An unexpected result.} (104. Ra3 $11) 1/2-1/2

[Event "European Women-ch 2023"]
[Site "Petrovac"]
[Date "2023.03.19"]
[Round "2.8"]
[White "Pavlidou, Ekaterini"]
[Black "Lomaia, Diana"]
[Result "0-1"]
[ECO "A17"]
[WhiteElo "2178"]
[BlackElo "1950"]
[Annotator "TA"]
[PlyCount "80"]
[EventDate "2023.03.15"]
[EventType "swiss"]
[EventCountry "MNE"]
[SourceTitle "playchess.com"]
[Source "ChessBase"]
[SourceQuality "1"]
[TimeControl "40/5400+30:1800+30"]

1. Nf3 Nf6 2. c4 e6 3. Nc3 b6 4. e4 Bb7 5. e5 Ne4 6. Nxe4 {[%emt 0:10:34] A17: English Opening: 1...Nf6 with ...Bb4.} Bxe4 7. Be2 Be7 {[%emt 0:05:23] [#]} 8. a3 $146 {[%emt 0:06:52] The position is equal.} ({Predecessor:} 8. O-O O-O 9. d4 d6 {½-½ Lalic,B (2397)-Bukal,V (2388) Spilimbergo op 15th 2017 (3)}) 8... d6 9. d3 Bb7 10. exd6 Qxd6 11. d4 Bf6 12. Be3 O-O (12... Nc6 $5 ) 13. Qd2 Rd8 14. Rd1 Qe7 15. Qc1 Nd7 16. O-O c5 17. Rfe1 cxd4 18. Nxd4 Ne5 19. Nb5 Bc6 20. f4 (20. c5 $11) 20... Ng6 $15 21. Nd4 Be4 (21... Bb7 $5 22. Nf3 e5 $17) 22. Bf1 {[%emt 0:03:40] [#]} Nxf4 $1 {[%emt 0:07:40][%mdl 64] Deflection} 23. Bf2 {[%emt 0:00:22] [#]} Bg5 {[%emt 0:01:04] Black is much more active.} 24. Qc3 {[%emt 0:03:39] Repels Nh3+} (24. Rxe4 $2 {is the wrong capture.} Nh3+ 25. gxh3 Bxc1 $19) 24... Bb7 25. Qg3 Qf6 26. h4 Bh6 27. b4 e5 28. Nb5 (28. Ne2 $17 {is a better defense.}) 28... a6 (28... Rxd1 $19 29. Rxd1 Bxg2) 29. Nc3 $17 Rxd1 30. Rxd1 Qc6 (30... Re8 $17 31. c5 bxc5 32. bxc5 g6) 31. b5 (31. Qg4 $1 $11 {remains equal.}) 31... Qe6 (31... axb5 $17 32. cxb5 Qe6) 32. bxa6 $11 Bxa6 33. Nb5 {[%emt 0:05:02] [#]} (33. Nd5 $11 {keeps the balance.} Nxd5 34. cxd5) 33... Bxb5 $1 $17 34. cxb5 g6 35. Qe3 ({White should try} 35. Re1) 35... Rb8 (35... Qg4 $17 36. Re1 Nxg2 {[%mdl 64] Discovered Attack}) 36. Qe4 $2 {[%emt 0:00:25][%mdl 8192] [#] Loses the game.} (36. g3 $11 {and White stays safe.}) 36... Qg4 $1 $19 {[%emt 0:00:31] White must now prevent ...Nh3+.} 37. Qxe5 $2 (37. Qf3 Nh3+ {[%mdl 64] Deflection} 38. Qxh3 Qxd1 39. Qc3) 37... Nh3+ {[%emt 0:00:06][%mdl 64] Deflection. Black is clearly winning.} 38. Kh1 Nxf2+ 39. Kg1 Nh3+ 40. Kh1 Qxd1 {[%emt 0:00:00] Weighted Error Value: White=0.60/Black=0.21 (precise)} 0-1